 Dungeon Crawl Stone Soup version 0.27-a0-909-g0721f309d1 (webtiles) character file.

Game seed: 13030594027794646558

34 Alarkh the Insei (level 3, 0/28 HPs)
             Began as a Demonspawn Gladiator on Apr 8, 2021.
             Succumbed to an adder's poison
             ... on level 2 of the Dungeon.
             The game lasted 00:01:12 (1488 turns).

Alarkh the Insei (Demonspawn Gladiator)             Turns: 1488, Time: 00:01:13

Health: 0/28       AC:  4    Str: 11 (14) XL:     3   Next: 14%
Magic:  3/3        EV: 12    Int:  9 (10) God:
Gold:   54         SH:  0    Dex: 13 (14) Spells: 2/2 levels left

rFire    . . .     SeeInvis .     - Unarmed
rCold    . . .     Faith    .   (no shield)
rNeg     . . .     Spirit   .   a - +0 leather armour
rPois    .         Reflect  .   b - +0 helmet
rElec    .         Harm     .   (no cloak)
rCorr    .         Rampage  .   (no gloves)
Will     .....                  (no boots)
Stlth    +.........             f - amulet of the acrobat
HPRegen  0.09/turn              (no ring)
MPRegen  0.08/turn              (no ring)

@: lethally poisoned (0 -> -8), flying
A: talons 1, powered by death 1
a: no special abilities


You were on level 2 of the Dungeon.
You visited 1 branch of the dungeon, and saw 2 of its levels.

You collected 54 gold pieces.

Inventory:

Armour
 a - a +0 leather armour (worn)
 b - a +0 helmet (worn)
Jewellery
 f - an amulet of the acrobat (around neck)
Scrolls
 d - a scroll of magic mapping {unknown}
 e - a scroll of vulnerability {unknown}
 g - a scroll of identify {unknown}


   Skills:
 + Level 2.6 Fighting
 - Level 1.7 Throwing
 - Level 2.6 Dodging
 * Level 3.5 Unarmed Combat


You had 2 spell levels left.
You didn't know any spells.
Your spell library was empty.

Dungeon Overview and Level Annotations

Branches:
Dungeon (2/15)

Altars:


Innate Abilities, Weirdness & Mutations

You have sharp toenails.
You regenerate a little health from kills.


Message History

You are too injured to fight recklessly!
You are too injured to fight recklessly!
You are too injured to fight recklessly!
You are too injured to fight recklessly!
You are too injured to fight recklessly!
You barely miss the endoplasm.
The endoplasm is almost dead.
The endoplasm barely misses you.
You hit the endoplasm.
You kill the endoplasm!
The adder bites you.
* * * LOW HITPOINT WARNING * * *
It was a potion of flight.
You feel very buoyant.
You fly up into the air.
The adder bites you.
* * * LOW HITPOINT WARNING * * *
You are poisoned.
The adder poisons you!
Throw: 3 throwing nets
Press: ? - help, Q - select action Shift-Dir - straight line, f - adder
Aim: an adder (38% to hit)
You throw a throwing net. The throwing net misses the adder.
The throwing net completely misses the worm.
You feel sick. The adder closely misses you.
Throw: 2 throwing nets
Press: ? - help, Q - select action Shift-Dir - straight line, f/p - adder
Aim: an adder (38% to hit)
You throw a throwing net. The throwing net misses the adder.
The throwing net hits the worm.
The worm is caught in the net!
You feel sick. The adder bites you.
* * * LOW HITPOINT WARNING * * *
You are lethally poisoned!
The adder poisons you!
The worm struggles against the net.
Throw: throwing net
Press: ? - help, Q - select action Shift-Dir - straight line, f/p - adder
Aim: an adder (38% to hit)
You throw a throwing net. The throwing net misses the adder.
The throwing net hits the worm.
You die...

########## #........#
#.##.....## #.#..###..#
#.#.##)##.##########.
#.#.#.[.#....#.......
#.#.##)##...........
##....#'#####....#####.
##.#####@# ##.........
#.##)..'#SK...#..##..##
#.#.....##w!..#.###....
#.#.....###(.##.#...#
#.#.....'.####......#
#.##...##.†)........###..
##.#####.#.######.[......
##........####....######
#####..###...).########


You could see a worm (caught), an adder and a kobold.

Vanquished Creatures
  An adder (D:2)
  2 dart slugs (D:2)
  2 ball pythons (D:2)
  4 endoplasms
  A giant cockroach (D:1)
  A goblin (D:1)
  3 hobgoblins
  2 kobolds (D:2)
  A bat (D:1)
  A frilled lizard (D:2)
  A rat (D:2)
19 creatures vanquished.

Notes
Turn   | Place    | Note
-------+----------+-------------------------------------------
     0 | D:1      | Alarkh the Demonspawn Gladiator began the quest for the
                  | Orb.
     0 | D:1      | Reached XP level 1. HP: 16/16 MP: 1/1
   445 | D:1      | Reached skill level 3 in Unarmed Combat
   625 | D:1      | Found a faded altar of an unknown god.
  1137 | D:2      | Gained mutation: You regenerate a little health from kills.
                  | [demonic ancestry]
  1137 | D:2      | Reached XP level 2. HP: 14/22 MP: 2/2
  1302 | D:2      | Gained mutation: You have sharp toenails. [demonic
                  | ancestry]
  1302 | D:2      | Reached XP level 3. HP: 11/28 MP: 3/3
  1488 | D:2      | Succumbed to an adder's poison

Illustrated notes

Levels and vault maps discovered:
D:1:      nicolae_arrival_washed_ashore, layout_loops_corners,
          shapermc_ecumenical_altar_notcrosses, minivault_11
D:2:      minmay_general_purpose_star, layout_rooms,
          amcnicky_mini_rare_corridor_liquid, minmay_joined_circles

Skill      XL: |  1 |
---------------+----+-----
Unarmed Combat | 3 |  3.5
Fighting       | |  2.6
Throwing       | |  1.7
Dodging        | |  2.6

Action                   || total
-------------------------++-------
Melee: Unarmed           ||    85
       Punch             ||     1
Throw: Throwing net      ||     3
  Use: Potion            ||     2
Armor: Leather armour    ||    15
Dodge: Dodged            ||    44

Table legend: (Time is in decaauts)
 A = Elapsed time spent in this place.
 B = Non-inter-level travel time spent in this place.
 C = Inter-level travel time spent in this place.
 D = Time resting spent in this place.
 E = Time spent auto-exploring this place.
 F = Levels seen in this place.
 G = Mean time per level.
                   A        B        C        D        E       F      G
               +--------+--------+--------+--------+--------+-----+--------+
         Total |   1483 |   1445 |     38 |    155 |   1139 |   2 |  741.5 |
       Dungeon |   1483 |   1445 |     38 |    155 |   1139 |   2 |  741.5 |
               +--------+--------+--------+--------+--------+-----+--------+

Top non-repeatable levels by time:
     D:1: 1110 daAuts
     D:2: 373 daAuts
